| TOP OF THE 1ST |
|
Iowa Cubs batting - Pitching for El Paso Chihuahuas : RHP Andy Temples
|
|
Pitching: RHP Andy Temples
|
|
|
Batting: SHB Seung-ho Zhang
|
0-0: Called Strike 0-1: Ball 1-1: Swinging Strike 1-2: Strikes out swinging
|
|
Batting: LHB Sumiki Okuhara
|
0-0: Ball 1-0: Swinging Strike 1-1: Ball 2-1: Fly out, F7 (Line Drive, 78S, EV 95.0 MPH)
|
|
Batting: RHB Francisco Ramirez
|
0-0: Ball 1-0: Ground out 5-3 (Groundball, 5, EV 92.5 MPH)
|
| Top of the 1st over - 0 runs, 0 hits, 0 errors, 0 left on base; Iowa 0 - El Paso 0 |
| BOTTOM OF THE 1ST |
|
El Paso Chihuahuas batting - Pitching for Iowa Cubs : RHP Dustin Buckner
|
|
Pitching: RHP Dustin Buckner
|
|
|
Batting: LHB Angel Mejia
|
0-0: Called Strike 0-1: Foul Ball, location: 2F 0-2: Strikes out looking
|
|
Batting: RHB Roberto Lemus
|
0-0: Ball 1-0: Foul Ball, location: 2F 1-1: Ball 2-1: Ball 3-1: Ground out 4-3 (Groundball, 4, EV 81.2 MPH)
|
|
Batting: RHB Eric Sandell
|
0-0: Ball 1-0: Ground out 5-3 (Groundball, 56, EV 104.4 MPH)
|
| Bottom of the 1st over - 0 runs, 0 hits, 0 errors, 0 left on base; Iowa 0 - El Paso 0 |
| TOP OF THE 2ND |
|
Iowa Cubs batting - Pitching for El Paso Chihuahuas : RHP Andy Temples
|
|
Batting: RHB Jon Aguilar
|
0-0: Called Strike 0-1: Ball 1-1: Fly out, F8 (Flyball, 8LM, EV 94.4 MPH)
|
|
Batting: LHB Mark Ingram
|
0-0: Fly out, F8 (Flyball, 8RXD, EV 79.4 MPH)
|
|
Batting: RHB Ryan Walker
|
0-0: Ball 1-0: Ball 2-0: Ball 3-0: Base on Balls
|
|
Batting: RHB Brian Gargis
|
0-0: Ball 1-0: Ball 2-0: 2-RUN HOME RUN (Line Drive, 78XD, EV 117.5 MPH), Distance : 469 ft
|
|
Batting: RHB Rich Thurman
|
0-0: Called Strike 0-1: Called Strike 0-2: Ball 1-2: Ball 2-2: Foul Ball, location: 2F 2-2: Strikes out swinging
|
| Top of the 2nd over - 2 runs, 1 hit, 0 errors, 0 left on base; Iowa 2 - El Paso 0 |
| BOTTOM OF THE 2ND |
|
El Paso Chihuahuas batting - Pitching for Iowa Cubs : RHP Dustin Buckner
|
|
Batting: RHB Chase Briney
|
0-0: Ball 1-0: Ball 2-0: Fly out, F7 (Line Drive, 7D, EV 108.1 MPH)
|
|
Batting: RHB Andy Sheridan
|
0-0: Ball 1-0: Foul Ball, location: 2F 1-1: Ball 2-1: Swinging Strike 2-2: Ball 3-2: Foul Ball, location: 2F 3-2: Strikes out swinging
|
|
Batting: LHB Carlos Cuellar
|
0-0: Foul Ball, location: 2F 0-1: Ball 1-1: Called Strike 1-2: Ball 2-2: Strikes out swinging
|
| Bottom of the 2nd over - 0 runs, 0 hits, 0 errors, 0 left on base; Iowa 2 - El Paso 0 |
| TOP OF THE 3RD |
|
Iowa Cubs batting - Pitching for El Paso Chihuahuas : RHP Andy Temples
|
|
Batting: RHB Tony Mendez
|
0-0: Ball 1-0: Called Strike 1-1: Swinging Strike 1-2: Ball 2-2: SINGLE (Groundball, 34D, EV 105.0 MPH)
|
|
Batting: SHB Seung-ho Zhang
|
0-0: Called Strike 0-1: Ball 1-1: Ball 2-1: Swinging Strike 2-2: Ball 3-2: SINGLE (Groundball, 3S, EV 64.4 MPH) (infield hit) Tony Mendez to second
|
|
Batting: LHB Sumiki Okuhara
|
0-0: Foul Ball, location: 2F 0-1: Fielders Choice at 2nd, 1-6 (Groundball, 34S, EV 70.0 MPH) Tony Mendez to third
|
|
Batting: RHB Francisco Ramirez
|
0-0: Foul Ball, location: 2F 0-1: Called Strike 0-2: SINGLE (Line Drive, 4MD, EV 95.0 MPH) Tony Mendez scores Sumiki Okuhara to second Runner from 2nd tries for 3rd, SAFE, throw by CF made to third
|
|
Batting: RHB Jon Aguilar
|
0-0: Ball 1-0: Ball 2-0: Called Strike 2-1: Swinging Strike 2-2: Grounds into double play, 4-6-3 (Groundball, 4S, EV 90.6 MPH)
|
| Top of the 3rd over - 1 run, 3 hits, 0 errors, 1 left on base; Iowa 3 - El Paso 0 |
| BOTTOM OF THE 3RD |
|
El Paso Chihuahuas batting - Pitching for Iowa Cubs : RHP Dustin Buckner
|
|
Batting: LHB Hugo MacBeth
|
0-0: Reached on error, E6 (Groundball, 56D, EV 78.8 MPH)
|
|
Batting: LHB Anthony Mosley
|
0-0: Fly out, F9 (Line Drive, 89M, EV 106.2 MPH)
|
|
Batting: RHB Lamberto Amicis
|
0-0: Ball 1-0: Fly out, F5 (Popup, 56S, EV 78.1 MPH)
|
|
Batting: LHB Angel Mejia
|
0-0: Ball 1-0: Swinging Strike 1-1: Foul Ball, location: 2F 1-2: Ball 2-2: Ball 3-2: Fly out, F7 (Flyball, 7, EV 93.1 MPH)
|
| Bottom of the 3rd over - 0 runs, 0 hits, 1 error, 1 left on base; Iowa 3 - El Paso 0 |
| TOP OF THE 4TH |
|
Iowa Cubs batting - Pitching for El Paso Chihuahuas : RHP Andy Temples
|
|
Batting: LHB Mark Ingram
|
0-0: Called Strike 0-1: Ball 1-1: Foul Ball, location: 2F 1-2: Strikes out swinging
|
|
Batting: RHB Ryan Walker
|
0-0: Foul Ball, location: 2F 0-1: Ball 1-1: Foul Ball, location: 2F 1-2: Fly out, F9 (Flyball, 89M, EV 77.5 MPH)
|
|
Batting: RHB Brian Gargis
|
0-0: Ball 1-0: Called Strike 1-1: Ball 2-1: Fly out, F9 (Flyball, 9D, EV 80.6 MPH)
|
| Top of the 4th over - 0 runs, 0 hits, 0 errors, 0 left on base; Iowa 3 - El Paso 0 |
| BOTTOM OF THE 4TH |
|
El Paso Chihuahuas batting - Pitching for Iowa Cubs : RHP Dustin Buckner
|
|
Batting: RHB Roberto Lemus
|
0-0: Hit by Pitch
|
|
Batting: RHB Eric Sandell
|
0-0: Ball Roberto Lemus steals 2nd base 1-0: Called Strike 1-1: Foul Ball, location: 2F 1-2: Foul Ball, location: 2F 1-2: Fly out, F7 (Line Drive, 7S, EV 92.5 MPH)
|
|
Batting: RHB Chase Briney
|
0-0: Swinging Strike 0-1: Swinging Strike 0-2: Fly out, F9 (Flyball, 9S, EV 95.0 MPH)
|
|
Batting: RHB Andy Sheridan
|
0-0: Foul Ball, location: 2F 0-1: Swinging Strike 0-2: Ball 1-2: SINGLE (Groundball, 56, EV 106.9 MPH) Roberto Lemus to third Runner from 3rd tries for Home, SAFE, throw by LF to home
|
|
Batting: LHB Carlos Cuellar
|
0-0: Ball 1-0: Ball 2-0: Called Strike 2-1: SINGLE (Line Drive, 9LS, EV 108.1 MPH) Andy Sheridan to second
|
|
Batting: LHB Hugo MacBeth
|
0-0: Fly out, F8 (Line Drive, 8LD, EV 103.8 MPH)
|
| Bottom of the 4th over - 1 run, 2 hits, 0 errors, 2 left on base; Iowa 3 - El Paso 1 |
| TOP OF THE 5TH |
|
Iowa Cubs batting - Pitching for El Paso Chihuahuas : RHP Andy Temples
|
|
Batting: RHB Rich Thurman
|
0-0: Called Strike 0-1: Called Strike 0-2: Foul Ball, location: 2F 0-2: Foul Ball, location: 2F 0-2: SINGLE (Groundball, 6S, EV 60.6 MPH) (infield hit)
|
|
Batting: RHB Tony Mendez
|
0-0: Ball 1-0: Grounds into double play, 1-6-3 (Groundball, 13S, EV 72.5 MPH)
|
|
Batting: SHB Seung-ho Zhang
|
0-0: Foul Ball, location: 2F 0-1: Foul Ball, location: 2F 0-2: Strikes out swinging
|
| Top of the 5th over - 0 runs, 1 hit, 0 errors, 0 left on base; Iowa 3 - El Paso 1 |
| BOTTOM OF THE 5TH |
|
El Paso Chihuahuas batting - Pitching for Iowa Cubs : RHP Dustin Buckner
|
|
Batting: LHB Anthony Mosley
|
0-0: Called Strike 0-1: Ground out 6-3 (Groundball, 6, EV 105.6 MPH)
|
|
Batting: RHB Lamberto Amicis
|
0-0: Called Strike 0-1: Ball 1-1: Ball 2-1: Called Strike 2-2: Strikes out looking
|
|
Batting: LHB Angel Mejia
|
0-0: Foul Ball, location: 2RF, Error on foul ball, E2 0-1: Ball 1-1: Ball 2-1: Ground out U3 (Groundball, 3, EV 101.9 MPH)
|
| Bottom of the 5th over - 0 runs, 0 hits, 1 error, 0 left on base; Iowa 3 - El Paso 1 |
| TOP OF THE 6TH |
|
Iowa Cubs batting - Pitching for El Paso Chihuahuas : RHP Andy Temples
|
|
Batting: LHB Sumiki Okuhara
|
0-0: Called Strike 0-1: Swinging Strike 0-2: Strikes out swinging
|
|
Batting: RHB Francisco Ramirez
|
0-0: Ball 1-0: Ball 2-0: Foul Ball, location: 2F 2-1: Ground out 6-3 (Groundball, 6, EV 78.8 MPH)
|
|
Batting: RHB Jon Aguilar
|
0-0: Ball 1-0: SINGLE (Groundball, 56D, EV 95.6 MPH)
|
|
Batting: LHB Mark Ingram
|
0-0: Called Strike 0-1: Ball 1-1: Ball Wild Pitch! Jon Aguilar to second 2-1: Foul Ball, location: 2F 2-2: Foul Ball, location: 2F 2-2: Strikes out looking
|
| Top of the 6th over - 0 runs, 1 hit, 0 errors, 1 left on base; Iowa 3 - El Paso 1 |
| BOTTOM OF THE 6TH |
|
El Paso Chihuahuas batting - Pitching for Iowa Cubs : RHP Dustin Buckner
|
|
Batting: RHB Roberto Lemus
|
0-0: Foul Ball, location: 2F 0-1: Ground out 1-3 (Groundball, 13S, EV 75.6 MPH)
|
|
Batting: RHB Eric Sandell
|
0-0: Called Strike 0-1: Foul Ball, location: 2F 0-2: Ball 1-2: Foul Ball, location: 2F 1-2: Ground out 3-1 (Groundball, 34, EV 99.4 MPH)
|
|
Batting: RHB Chase Briney
|
0-0: Foul Ball, location: 2F 0-1: Ball 1-1: Ball 2-1: Foul Ball, location: 2F 2-2: SINGLE (Line Drive, 9LS, EV 92.5 MPH)
|
|
Pitching: LHP Matt Tomlinson
|
|
|
Batting: RHB Andy Sheridan
|
0-0: Ball 1-0: Called Strike 1-1: Foul Ball, location: 2F 1-2: Ball 2-2: Foul Ball, location: 2F 2-2: Foul Ball, location: 2F 2-2: Foul Ball, location: 2F 2-2: Strikes out looking
|
| Bottom of the 6th over - 0 runs, 1 hit, 0 errors, 1 left on base; Iowa 3 - El Paso 1 |
| TOP OF THE 7TH |
|
Iowa Cubs batting - Pitching for El Paso Chihuahuas : RHP Andy Temples
|
|
Batting: RHB Ryan Walker
|
0-0: Called Strike 0-1: Foul Ball, location: 2F 0-2: Strikes out swinging
|
|
Batting: RHB Brian Gargis
|
0-0: Ground out 6-3 (Groundball, 6, EV 83.1 MPH)
|
|
Batting: RHB Rich Thurman
|
0-0: Ball 1-0: Called Strike 1-1: Foul Ball, location: 2F 1-2: Foul Ball, location: 2F 1-2: SINGLE (Groundball, 56D, EV 95.0 MPH)
|
|
Batting: RHB Tony Mendez
|
0-0: Called Strike 0-1: Fly out, F8 (Flyball, 8LM, EV 91.2 MPH)
|
| Top of the 7th over - 0 runs, 1 hit, 0 errors, 1 left on base; Iowa 3 - El Paso 1 |
| BOTTOM OF THE 7TH |
|
El Paso Chihuahuas batting - Pitching for Iowa Cubs : LHP Matt Tomlinson
|
|
Pitching: RHP Arnaldo Cardamenho
|
|
|
Batting: LHB Carlos Cuellar
|
0-0: Called Strike 0-1: Ground out 5-3 (Groundball, 56, EV 105.0 MPH)
|
|
Batting: LHB Hugo MacBeth
|
0-0: Ground out 6-3 (Groundball, 6, EV 81.2 MPH)
|
|
Batting: LHB Anthony Mosley
|
0-0: Ball 1-0: Called Strike 1-1: Ball 2-1: Ground out 4-3 (Groundball, 4, EV 77.5 MPH)
|
| Bottom of the 7th over - 0 runs, 0 hits, 0 errors, 0 left on base; Iowa 3 - El Paso 1 |
| TOP OF THE 8TH |
|
Iowa Cubs batting - Pitching for El Paso Chihuahuas : RHP Andy Temples
|
|
Batting: SHB Seung-ho Zhang
|
0-0: Ball 1-0: Swinging Strike 1-1: Foul Ball, location: 2F 1-2: Foul Ball, location: 2F 1-2: Strikes out swinging
|
|
Pitching: LHP Darby Jones
|
|
|
Pinch Hitting: RHB Adam O'Hare
|
0-0: Ball 1-0: DOUBLE (Flyball, 7LD, EV 105.0 MPH)
|
|
Pitching: RHP Carlos Sepulveda
|
|
|
Batting: RHB Francisco Ramirez
|
0-0: Swinging Strike 0-1: Called Strike 0-2: Foul Ball, location: 2F 0-2: Strikes out swinging
|
|
Batting: RHB Jon Aguilar
|
0-0: Ball 1-0: Foul Ball, location: 2F 1-1: Ball 2-1: Ball 3-1: Foul Ball, location: 2F 3-2: Foul Ball, location: 2F 3-2: Base on Balls
|
|
Batting: LHB Mark Ingram
|
0-0: Ball 1-0: Ball 2-0: Called Strike 2-1: SINGLE (Groundball, 4MD, EV 104.4 MPH) Adam O'Hare to third Jon Aguilar to second Runner from 3rd tries for Home, SAFE, throw by CF to home
|
|
Batting: RHB Ryan Walker
|
0-0: Swinging Strike 0-1: Ball 1-1: Ball 2-1: Foul Ball, location: 2F 2-2: SINGLE (Line Drive, 78S, EV 93.8 MPH) Jon Aguilar to third Mark Ingram to second Runner from 3rd tries for Home, SAFE, throw by CF to home
|
|
Batting: RHB Brian Gargis
|
0-0: Called Strike 0-1: Foul Ball, location: 2F 0-2: Ball 1-2: Strikes out looking
|
| Top of the 8th over - 2 runs, 3 hits, 0 errors, 2 left on base; Iowa 5 - El Paso 1 |
| BOTTOM OF THE 8TH |
|
El Paso Chihuahuas batting - Pitching for Iowa Cubs : RHP Arnaldo Cardamenho
|
|
Now in RF: Tim Hone
|
|
|
Batting: RHB Lamberto Amicis
|
0-0: Ball 1-0: SINGLE (Groundball, P, EV 87.5 MPH) (infield hit)
|
|
Batting: LHB Angel Mejia
|
0-0: Ball 1-0: SINGLE (Groundball, 4D, EV 101.2 MPH) Lamberto Amicis to second Runner from 2nd tries for 3rd, SAFE, throw by CF made to third Angel Mejia to second
|
|
Pinch Hitting: SHB Adam Martin
|
0-0: Foul Ball, location: 2F 0-1: Ball 1-1: Called Strike 1-2: Ball 2-2: Reached on error, E4 (Groundball, 4, EV 91.2 MPH) Lamberto Amicis scores Angel Mejia to third
|
|
Batting: RHB Eric Sandell
|
Pickoff Throw to First - Out! 1-3 0-0: Ball 1-0: Ball 2-0: Ball 3-0: Base on Balls
|
|
Batting: RHB Chase Briney
|
0-0: Called Strike 0-1: Ball 1-1: Swinging Strike 1-2: Ball 2-2: Strikes out swinging
|
|
Batting: RHB Andy Sheridan
|
0-0: Called Strike 0-1: Ball 1-1: Ball 2-1: Foul Ball, location: 2F 2-2: Ball 3-2: Ground out 5-3 (Groundball, 56, EV 90.0 MPH)
|
| Bottom of the 8th over - 1 run, 2 hits, 1 error, 2 left on base; Iowa 5 - El Paso 2 |
| TOP OF THE 9TH |
|
Iowa Cubs batting - Pitching for El Paso Chihuahuas : RHP Carlos Sepulveda
|
|
Pitching: RHP Adrian de la Cerda
|
|
|
Now in CF: Adam Martin
|
|
|
Now in RF: Anthony Mosley
|
|
|
Batting: RHB Rich Thurman
|
0-0: Foul Ball, location: 2F 0-1: Called Strike 0-2: Foul Ball, location: 2F 0-2: Ball 1-2: Strikes out looking
|
|
Batting: RHB Tony Mendez
|
0-0: Ball 1-0: Swinging Strike 1-1: Ground out 6-3 (Groundball, 6D, EV 102.5 MPH)
|
|
Batting: SHB Seung-ho Zhang
|
0-0: Fly out, F9 (Flyball, 89M, EV 90.0 MPH)
|
| Top of the 9th over - 0 runs, 0 hits, 0 errors, 0 left on base; Iowa 5 - El Paso 2 |
| BOTTOM OF THE 9TH |
|
El Paso Chihuahuas batting - Pitching for Iowa Cubs : RHP Arnaldo Cardamenho
|
|
Pitching: RHP Josh Ready
|
|
|
Batting: LHB Carlos Cuellar
|
0-0: Called Strike 0-1: Swinging Strike 0-2: Ball 1-2: Strikes out looking
|
|
Batting: LHB Hugo MacBeth
|
0-0: Ball 1-0: Ball 2-0: Ball 3-0: Swinging Strike 3-1: Called Strike 3-2: Strikes out swinging
|
|
Batting: LHB Anthony Mosley
|
0-0: Ball 1-0: Foul Ball, location: 2F 1-1: Ball 2-1: Foul Ball, location: 2F 2-2: Foul Ball, location: 2F 2-2: Ground out 4-3 (Groundball, 4, EV 84.4 MPH)
|
| Bottom of the 9th over - 0 runs, 0 hits, 0 errors, 0 left on base; Iowa 5 - El Paso 2 |
|